 Dungeon Crawl Stone Soup version 0.31-a0-210-gccc998df9b (webtiles) character file.

Game seed: 14632460062010116407

47 qw the Shooter (level 3, -13/21 HPs)
             Began as a Gargoyle Hexslinger on June 30, 2023.
             Killed by an exploding hobgoblin (32 damage)
             ... ignited by their inner flame
             ... on level 2 of the Dungeon.
             The game lasted 00:00:30 (1157 turns).

qw the Shooter (Gargoyle Hexslinger)                Turns: 1157, Time: 00:00:31

Health: -13/21     AC:  9    Str: 11    XL:     3   Next: 70%
Magic:  4/4        EV: 10    Int: 13    God:
Gold:   118        SH:  0    Dex: 14    Spells: 3/4 levels left

rFire   . . .        Y - +1 sling
rCold   . . .        (no shield)
rNeg    + . .        i - +0 ring mail
rPois   inf          (no helmet)
rElec   +            (no cloak)
rCorr   .            (no gloves)
SInv    +            h - +0 pair of boots
Will    .....        (no amulet)
Stlth   +            d - ring of see invisible
HPRegen 0.23/turn    (no ring)
MPRegen 0.09/turn

%: no passive effects
@: no status effects
A: sickness immunity, AC +3, negative energy resistance 1, electricity
resistance, torment resistance 1, petrification resistance
a: no special abilities


You were on level 2 of the Dungeon.
You visited 1 branch of the dungeon, and saw 2 of its levels.

You collected 118 gold pieces.


Innate Abilities, Weirdness & Mutations

You are immune to sickness and miasma.
Your stone body is resilient. (AC +3)
You are immune to poison.
You resist negative energy. (rN+)
You are resistant to electric shocks. (rElec)
You are resistant to unholy torment.
You are immune to petrification.


   Skills:
 - Level 2.0 Fighting
 + Level 3.3 Ranged Weapons
 - Level 1.0 Armour
 - Level 1.5 Dodging
 - Level 1.0 Spellcasting
 - Level 2.6 Hexes


You had 3 spell levels left.
You knew the following spells:

 Your Spells              Type           Power      Damage    Failure   Level
a - Slow                  Hex            28%        N/A       22%         1

Your spell library contained the following spells:

 Spells                   Type           Power      Damage    Failure   Level
 Inner Flame              Hex/Fire       4%         N/A       75%         3
 Portal Projectile        Hex/Tloc       8%         N/A       75%         3
 Cause Fear               Hex            3%         N/A       91%         4

Inventory:

Hand Weapons
 Y - a +1 sling (weapon)
Armour
 h - a +0 pair of boots (worn)
 i - a +0 ring mail (worn)
Jewellery
 d - a ring of see invisible (left hand)
Scrolls
 a - a scroll of immolation
 b - a scroll of fog {unknown}
 c - 3 scrolls of teleportation {unknown}
 g - a scroll of identify
Potions
 e - a potion of berserk rage {unknown}
 f - a potion of enlightenment {unknown}

Dungeon Overview and Level Annotations

Branches:
Dungeon (2/15)

Altars:
The Shining One


Message History

Enter note:
Enter note:
Enter note:
Enter note:
Enter note:
1151 ||| READING 2 scrolls labelled QYRHORPHUADGH.
As you read the scroll labelled QYRHORPHUADGH, it crumbles to dust.
The creatures around you are filled with an inner flame!
It was a scroll of immolation.
The hobgoblin shouts!
A hobgoblin is nearby!
Enter note:
Enter note:
Enter note:
Enter note:
Enter note:
Enter note:
Enter note:
Enter note:
Enter note: You shoot a sling bullet.
The sling bullet barely misses the hobgoblin.
You shoot a sling bullet.
The sling bullet closely misses the hobgoblin.
The sling bullet hits the fungus.
The fungus begins to die.
The fungus is lightly damaged.
The hobgoblin hits you. The hobgoblin barely misses you.
You shoot a sling bullet.
The sling bullet barely misses the hobgoblin.
The sling bullet hits the fungus.
The fungus is lightly damaged.
The hobgoblin closely misses you.
You shoot a sling bullet. The sling bullet hits the hobgoblin.
Flame seeps out of the hobgoblin.
The hobgoblin is heavily wounded.
The hobgoblin is engulfed in blazing flames.
The hobgoblin explodes!
The fiery explosion engulfs you!!
Ouch! That really hurt!
You die...

.# . ..## . _.#
## ..#.' #.#.
#########.. #
#.......#8###.#
#.......#..@0P#
##.......#'#####
#........(.#
####.........##
##............#
.....#.##.#####
.......##.#
..........#
.........##


There were no monsters in sight!

Vanquished Creatures
  A worm (D:2)
  A dart slug (D:1)
  3 ball pythons
  5 bats
  3 endoplasms
  5 giant cockroaches
  5 goblins (D:1)
  3 hobgoblins (D:2)
  4 kobolds
  3 quokkas (D:1)
  A frilled lizard (D:2)
  4 rats (D:1)
38 creatures vanquished.

Notes
Turn   | Place    | Note
-------+----------+-------------------------------------------
     0 | D:1      | qw the Gargoyle Hexslinger began the quest for the Orb.
     0 | D:1      | Reached XP level 1. HP: 12/12 MP: 2/2
     0 | D:1      | 0 ||| qw: Version: 0.3-a-26-gee661ec
     0 | D:1      | 0 ||| qw: Game counter: 7149
     0 | D:1      | 0 ||| qw: Melee chars always use a shield: true
     0 | D:1      | 0 ||| qw: God list: Okawaru
     0 | D:1      | 0 ||| qw: Allow faded altars: false
     0 | D:1      | 0 ||| qw: Do Orc after clearing Dungeon:15 true
     0 | D:1      | 0 ||| qw: Do second Lair branch before Depths: true
     0 | D:1      | 0 ||| qw: Lair rune preference: random
     0 | D:1      | 0 ||| qw: Goals: Normal
     0 | D:1      | 0 ||| PLANNING D:1-11
    91 | D:1      | 91 ||| Stepping ~*~*~tactically~*~*~ (water).
   102 | D:1      | Reached XP level 2. HP: 16/16 MP: 3/3
   162 | D:1      | Reached skill level 3 in Ranged Weapons
   545 | D:1      | Reached XP level 3. HP: 21/21 MP: 4/4
   574 | D:1      | 574 ||| UPGRADING to +0 pair of boots.
   587 | D:1      | 587 ||| UPGRADING to +0 ring mail.
   597 | D:1      | 597 ||| DROPPING +0 robe.
   874 | D:1      | Found a glowing golden altar of the Shining One.
   879 | D:1      | 879 ||| UPGRADING to ring of see invisible.
   880 | D:1      | 880 ||| READING scroll labelled TOILENUWNA.
   897 | D:1      | 897 ||| READING scroll labelled JED IFUFRALUWO.
   898 | D:1      | 898 ||| READING scroll labelled LEITIN LU BUNKA.
   899 | D:1      | 899 ||| DROPPING scroll of poison.
   939 | D:2      | Reached skill level 1 in Armour
  1149 | D:2      | Found a faded altar of an unknown god.
  1151 | D:2      | 1151 ||| READING 2 scrolls labelled QYRHORPHUADGH.
  1157 | D:2      | Killed by an exploding hobgoblin... ignited by their inner
                  | flame

Levels and vault maps discovered:
D:1:      dpeg_arrival_water_altar, layout_basic, serial_bayou_lake_a
D:2:      layout_rooms, shapermc_ecumenical_altar_ellora, moated_statue,
          minmay_misc_feat_rows, grunt_ministairs_9

Skill      XL: |  1  2  3 |
---------------+----------+-----
Ranged Weapons | 3 |  3.3
Fighting       | 2 |  2.0
Armour         | 1 |  1.0
Dodging        | |  1.5
Spellcasting   | |  1.0
Hexes          | |  2.6

Action                     || total
---------------------------++-------
   Fire: Sling             ||   106
    Use: Scroll            ||     4
 Armour: Robe              ||    10
         Ring mail         ||    10
  Dodge: Dodged            ||    28

Table legend:
 A = Non-vault XP
 B = Vault XP
 C = Vault XP percentage of total XP
 D = Non-vault monster count
 E = Vault monster count
 F = Vault count percentage of total count
                 A         B        C        D         E       F
            +---------+---------+-------+---------+---------+-------
      Total |      66 |       4 |   5.7 |      36 |       2 |   5.3
            +---------+---------+-------+---------+---------+-------
        D:1 |      47 |       0 |   0.0 |      26 |       0 |   0.0
        D:2 |      19 |       4 |  17.4 |      10 |       2 |  16.7
            +---------+---------+-------+---------+---------+-------
